 Dungeon Crawl Stone Soup version 0.29-a0-323-g050149af67 (webtiles) character file.

Game seed: 15507054817215671029

3444 kae the Zephyrmancer (level 10, -2/81 HPs)
             Began as an Ogre Air Elementalist on Apr 10, 2022.
             Was an Initiate of Gozag.
             Slain by a yak (12 damage)
             ... on level 8 of the Dungeon.
             The game lasted 00:09:34 (11808 turns).

kae the Zephyrmancer (Ogre Air Elementalist)       Turns: 11808, Time: 00:09:34

Health: -2/81      AC:  5    Str: 14    XL:     10   Next: 5%
Magic:  16/20      EV:  9    Int: 20    God:    Gozag
Gold:   522        SH:  0    Dex:  9    Spells: 4/23 levels left

rFire   . . .      SeeInvis +   p - staff of air
rCold   . . .      Faith    .   (no shield)
rNeg    + . .      Spirit   .   a - +1 robe
rPois   .          Reflect  .   (helmet restricted)
rElec   +          Harm     .   y - +0 cloak
rCorr   .          Rampage  .   (gloves unavailable)
Will    +....                   (boots unavailable)
Stlth   +.........              (no amulet)
HPRegen 0.23/turn               k - ring of see invisible
MPRegen 0.17/turn               h - ring of positive energy

@: no status effects
A: large, unfitting armour, tough skin 1
a: Renounce Religion, Potion Petition, Call Merchant, Bribe Branch


You were on level 8 of the Dungeon.
You worshipped Gozag.
Gozag was pleased with you.
You visited 2 branches of the dungeon, and saw 10 of its levels.

You collected 647 gold pieces.
You paid 125 gold pieces to Gozag.

Inventory:

Hand Weapons
 e - a +0 hand axe
 l - a +1 vorpal whip
Armour
 a - a +1 robe (worn)
 y - a +0 cloak (worn)
Magical Staves
 p - a staff of air (weapon)
Jewellery
 h - a ring of positive energy (right hand)
 k - a ring of see invisible (left hand)
Wands
 u - a wand of flame (14)
Scrolls
 g - 3 scrolls of enchant weapon
 m - 4 scrolls of fog
 o - 2 scrolls of magic mapping
 w - a scroll of amnesia
Potions
 b - 2 potions of magic
 c - 2 potions of mutation
 d - 4 potions of degeneration
 f - a potion of ambrosia
 i - 4 potions of flight
 j - 4 potions of curing
 n - 2 potions of might
 q - a potion of attraction
 r - a potion of invisibility
 s - a potion of cancellation
 t - a potion of heal wounds
 v - a potion of brilliance {unknown}
 x - a potion of berserk rage {unknown}


   Skills:
 + Level 4.5 Staves
 - Level 1.7 Dodging
 - Level 1.4 Stealth
 + Level 7.1 Spellcasting
 + Level 5.5 Conjurations
 * Level 8.4 Air Magic
 + Level 3.7 Evocations


You had 4 spell levels left.
You knew the following spells:

 Your Spells              Type           Power      Damage    Failure   Level
a - Shock                 Conj/Air       100%       1d9       1%          1
b - Static Discharge      Conj/Air       51%        N/A       1%          2
c - Swiftness             Air            57%        N/A       1%          3
d - Airstrike             Air            28%        N/A       2%          4
e - Mephitic Cloud        Conj/Pois/Air  38%        N/A       4%          3
f - Conjure Ball Lightni  Conj/Air       25%        3x3d7     63%         6

Your spell library contained the following spells:

 Spells                   Type           Power      Damage    Failure   Level
 Slow                     Hex            28%        N/A       10%         1
 Confusing Touch          Hex            7%         N/A       28%         3
 Gell's Gravitas          Tloc           7%         N/A       28%         3
 Ignite Poison            Fire/Tmut/Pois 7%         N/A       28%         3
 Teleport Other           Tloc           7%         N/A       28%         3
 Vampiric Draining        Necr           7%         2d6       28%         3
 Sticky Flame             Conj/Fire      18%        2d4       30%         4
 Dispel Undead            Necr           7%         3d8       67%         4
 Iskenderun's Battlesphe  Conj           29%        2d8       26%         5
 Freezing Cloud           Conj/Ice/Air   19%        6-21      36%         5
 Fireball                 Conj/Fire      9%         3d6       63%         5
 Dispersal                Tloc           3%         N/A       100%        6
 Orb of Destruction       Conj           14%        9d7       100%        7


Dungeon Overview and Level Annotations

Branches:
Dungeon (9/15)             Temple (1/1) D:5            Lair (0/6) D:8
    Orc: D:9-12

Altars:
Ashenzari
Cheibriados
Dithmenos
Elyvilon
Gozag
Hepliaklqana
Kikubaaqudgha
Makhleb
Nemelex Xobeh
Okawaru
Qazlal
Ru
Trog
Wu Jian
Xom
Yredelemnul
Zin
The Shining One

Shops:
D:2 (   D:6 (

Annotations:
D:6 Prince Ribbit
D:7 exclusion: 2 wights
D:8 Psyche


Innate Abilities, Weirdness & Mutations

You are too large for most types of armour.
You have tough skin. (AC +1)


Message History

There is a stone staircase leading up here.
The yak closely misses you. The yak gores you but does no damage.
The yak gores you! The yak gores you.
You climb upwards.
Level annotation: Psyche
There is a stone staircase leading down, spattered with blood here.
Casting: Static Discharge (safe; 1% risk of failure)
Confirm with . or Enter, or press ? or * to list all spells.
You feel a surge of power!
The yak is struck by an arc of lightning.
The yak is lightly wounded.
You resist.
You are struck by an arc of lightning.
The yak is struck by an arc of lightning.
The yak is lightly wounded.
The lightning grounds out.
The yak closely misses you. The yak gores you. The yak gores you!
The yak completely misses you. The yak gores you! x2
* * * LOW HITPOINT WARNING * * *
Casting: Static Discharge (safe; 1% risk of failure)
Confirm with . or Enter, or press ? or * to list all spells.
You feel a surge of power!
The yak is struck by an arc of lightning.
The yak is lightly wounded.
You resist.
You are struck by an arc of lightning.
* * * LOW HITPOINT WARNING * * *
The yak is struck by an arc of lightning.
The yak is moderately wounded.
The lightning grounds out.
The yak is struck by an arc of lightning.
The yak is moderately wounded.
The lightning grounds out.
The yak gores you.
* * * LOW HITPOINT WARNING * * *
The yak gores you but does no damage. The yak barely misses you.
The yak gores you.
* * * LOW HITPOINT WARNING * * *
The yak gores you!
* * * LOW HITPOINT WARNING * * *
The yak gores you!
You die...
Your body crumbles into a pile of gold.

#.##.#.# #.#
#......######## #.#
####.####.....# #.#
##.## #.....# #.#
##...###.....# #.#
#...#.##.....# #.#
#..#.###.....# #..
#.#Y## ###.### ##.
##.##@#####.###### #.
#...Y#YY........>####.
###.#.#.###...####......
##.......#
#.############
#........# #......# #..
# #..##.#(.# #.####.#
#.# # ####..##....#
#.### .# #.# #
#.......##..# #...# .#
#.# ######.##..#.##..#
#.#.# .# #.#


You could see 4 yaks.

Vanquished Creatures
  2 trolls
  Grinder (D:4)
  A wyvern (D:6)
  2 yaks
  Menkaure (D:6)
  A water moccasin (D:8)
  A black bear (D:7)
  An ogre (D:7)
  A centaur (D:3)
  A wolf (D:8)
  3 phantoms
  3 bullfrogs (D:8)
  Blork the orc (D:5)
  A gnoll sergeant (Temple)
  2 scorpions
  A necrophage (D:5)
  A wight (D:7)
  3 electric eels (D:8)
  A howler monkey (D:5)
  4 jellies
  6 hounds
  An orc priest (D:5)
  Natasha (D:3)
  7 iguanas
  7 orc wizards
  5 gnolls
  3 adders
  A shadow imp (D:7)
  4 white imps
  6 worms
  2 dart slugs
  16 orcs
  6 bats
  6 endoplasms
  A giant cockroach (D:1)
  7 goblins
  7 hobgoblins
  8 ball pythons
  4 frilled lizards
  9 kobolds
  8 rats
147 creatures vanquished.

Vanquished Creatures (others)
  2 demonic plants (D:2)
  A fungus (D:2)
  A withered plant (D:2)
4 creatures vanquished.

Grand Total: 151 creatures vanquished

Notes
Turn   | Place    | Note
-------+----------+-------------------------------------------
     0 | D:1      | kae the Ogre Air Elementalist began the quest for the Orb.
     0 | D:1      | Reached XP level 1. HP: 16/16 MP: 3/3
    60 | D:1      | Reached skill level 1 in Conjurations
   350 | D:1      | Reached skill level 3 in Air Magic
   350 | D:1      | Reached XP level 2. HP: 23/24 MP: 2/5
   807 | D:1      | Reached XP level 3. HP: 27/31 MP: 7/7
  1448 | D:2      | Found a faded altar of an unknown god.
  1850 | D:2      | Found Oneorurr's Weapon Shoppe.
  2180 | D:3      | Noticed Natasha
  2333 | D:3      | Noticed a centaur
  2350 | D:3      | Killed a centaur
  2351 | D:3      | Reached skill level 4 in Air Magic
  2351 | D:3      | Reached XP level 4. HP: 13/39 MP: 5/9
  2351 | D:3      | Reached XP level 5. HP: 15/45 MP: 5/10
  3804 | D:4      | Noticed a phantom
  3804 | D:4      | Noticed an ogre
  4037 | D:3      | Learned a level 2 spell: Static Discharge
  4041 | D:3      | Learned a level 3 spell: Swiftness
  4046 | D:3      | Learned a level 4 spell: Airstrike
  4098 | D:3      | Killed Natasha
  4099 | D:3      | Reached XP level 6. HP: 49/53 MP: 6/11
  4427 | D:4      | Noticed Grinder
  4427 | D:4      | Paralysed by Grinder for 7 turns
  4966 | D:4      | Paralysed by Grinder for 2 turns
  4970 | D:4      | Killed Grinder
  4971 | D:4      | Reached skill level 5 in Air Magic
  4971 | D:4      | Reached XP level 7. HP: 50/59 MP: 7/13
  5247 | D:5      | Entered Level 5 of the Dungeon
  5648 | D:5      | Reached skill level 1 in Staves
  5900 | D:5      | Reached skill level 1 in Evocations
  5942 | D:5      | Reached skill level 5 in Spellcasting
  5946 | D:5      | Reached skill level 6 in Air Magic
  5946 | D:5      | Reached XP level 8. HP: 51/67 MP: 5/15
  6123 | D:5      | You fall into a shaft and drop 3 floors!
  6390 | D:8      | Noticed Psyche
  6529 | D:6      | Noticed a wyvern
  6532 | D:6      | Killed a wyvern
  6865 | D:6      | Found Ceppouh's Antique Weapon Boutique.
  6887 | D:6      | Noticed Prince Ribbit
  6992 | D:6      | Noticed Menkaure
  6996 | D:6      | Killed Menkaure
  7346 | D:5      | Found a staircase to the Ecumenical Temple.
  7400 | Temple   | Entered the Ecumenical Temple
  7582 | Temple   | Became a worshipper of Gozag Ym Sagoz the Greedy
  7597 | Temple   | Reached skill level 7 in Air Magic
  7597 | Temple   | Reached XP level 9. HP: 27/74 MP: 8/18
  8323 | D:5      | Noticed Blork the orc
  8327 | D:5      | Killed Blork the orc
  9077 | D:6      | Identified a scroll of acquirement
  9077 | D:6      | Acquired a book of the Spheres
  9622 | D:7      | Noticed a troll
  9628 | D:7      | Killed a troll
  9891 | D:7      | Reached skill level 5 in Conjurations
 10692 | D:8      | Learned a level 3 spell: Mephitic Cloud
 10699 | D:8      | Learned a level 6 spell: Conjure Ball Lightning
 10755 | D:8      | Found a staircase to the Lair.
 10755 | D:8      | Noticed a troll
 10774 | D:8      | Killed a troll
 10775 | D:8      | Reached skill level 8 in Air Magic
 11709 | D:9      | Reached XP level 10. HP: 81/81 MP: 7/20
 11808 | D:8      | Slain by a yak

Illustrated notes

Levels and vault maps discovered:
D:1:      sevenhm_arrival_forest_fort_large_2, layout_rooms, nicolae_wormholes
D:2:      layout_loops_ring, serial_shops, nicolae_shop_bloodbath_and_beyond,
          shapermc_ecumenical_altar_gd, minmay_tromino_v4_b
D:3:      minmay_inner_zag, layout_basic, portal_sewer_entry_a, nrook_campfire,
          small_statue_intersection, kennysheep_minor_cross,
          kennysheep_generic_room_7, uniq_natasha
D:4:      layout_rooms, uniq_grinder
D:5:      layout_loops_ring, minmay_temple_entry_ruins, uniq_blork_the_orc
D:6:      layout_basic, serial_shops, nicolae_shop_stone, uniq_menkaure,
          uniq_prince_ribbit1
D:7:      layout_loops_ring, kennysheep_generic_room_10
D:8:      layout_loops_cross, erik_lair_island, uniq_psyche
D:9:      layout_gridville
Temple:   hc_temple_tempest_star

Skill      XL: |  1  2  3  4  5  6  7  8  9 |
---------------+----------------------------+-----
Conjurations   | 1 2 3 4 5 |  5.5
Air Magic      | 3 4 5 6 7 8 |  8.4
Spellcasting   | 3 4 5 6 7 |  7.1
Staves         | 1 3 4 |  4.5
Evocations     | 1 2 3 |  3.7
Dodging        | |  1.7
Stealth        | |  1.4

Action                   |  1- 3 |  4- 6 |  7- 9 | 10-12 || total
-------------------------+-------+-------+-------+-------++-------
Melee: Unarmed           |    25 |       |       |       ||    25
       Hand axe          |    26 |       |       |       ||    26
       Whip              |    18 |     2 |       |       ||    20
       Punch             |     1 |       |       |       ||     1
       Staff             |       |       |    43 |     7 ||    50
 Cast: Shock             |    63 |    91 |    50 |       ||   204
       Static Discharge  |       |     4 |    33 |     3 ||    40
       Swiftness         |       |     2 |     1 |       ||     3
       Airstrike         |       |       |    75 |       ||    75
  Use: Scroll            |     9 |     6 |     7 |       ||    22
       Potion            |     5 |       |     1 |       ||     6
 Stab: Sleeping          |     2 |       |       |       ||     2
Armor: Robe              |    22 |     7 |    26 |     4 ||    59
       Skin              |       |       |     8 |       ||     8
Dodge: Dodged            |    41 |     7 |    51 |     8 ||   107

Table legend: (Time is in decaauts)
 A = Elapsed time spent in this place.
 B = Non-inter-level travel time spent in this place.
 C = Inter-level travel time spent in this place.
 D = Time resting spent in this place.
 E = Time spent auto-exploring this place.
 F = Levels seen in this place.
 G = Mean time per level.
                   A        B        C        D        E       F      G
               +--------+--------+--------+--------+--------+-----+--------+
         Total |  11817 |  11239 |    578 |   2421 |   7549 |  10 | 1181.7 |
       Dungeon |  11337 |  10785 |    552 |   2078 |   7471 |   9 | 1259.7 |
        Temple |    479 |    453 |     26 |    343 |     78 |   1 |  479.0 |
               +--------+--------+--------+--------+--------+-----+--------+

Top non-repeatable levels by time:
     D:3: 2549 daAuts
     D:5: 1810 daAuts
     D:8: 1568 daAuts
     D:7: 1404 daAuts
     D:6: 1299 daAuts
     D:1: 1169 daAuts
     D:2: 1038 daAuts
     D:4: 486 daAuts
  Temple: 479 daAuts
     D:9: 11 daAuts
